 Dungeon Sprint DCSS version 0.30.0-15-g856e2d3f33 (webtiles) character file.

Game seed: 14178024853468818255

3200000 bmack86 the Blood Saint (level 20, -62/216 HPs)
             Began as a Demonspawn Fire Elementalist on May 19, 2023.
             Was the Champion of Makhleb.
             Annihilated by a large bag of meat
             ... wielding a +9 giant spiked club
              (73 damage)
             ... in the Dungeon (Sprint VIII: "Arena of Blood").
             The game lasted 00:04:11 (32 turns).

bmack86 the Blood Saint (DsFE)                        Turns: 32, Time: 00:04:13

Health: -62/216    AC:  6    Str: 15    XL:     20   Next: 1%
Magic:  7/37       EV: 25    Int: 20    God:    Makhleb [******]
Gold:   0          SH:  0    Dex: 13    Spells: 26/27 levels left

rFire   . . .        h - +∞ Axe of Woe
rCold   . . .        (shield currently unavailable)
rNeg    . . .        a - +0 robe
rPois   .            (helmet unavailable)
rElec   .            (no cloak)
rCorr   .            (no gloves)
SInv    +            (no boots)
Will    +....        (no amulet)
Stlth   +++++++++    (no ring)
HPRegen 0.56/turn    (no ring)
MPRegen 0.25/turn

%: no teleportation
@: no status effects
A: antennae 3, slimy green scales 1, demonic guardian 3, robust 1, spiny 2
a: Renounce Religion, Minor Destruction, Lesser Servant of Makhleb, Major
Destruction, Greater Servant of Makhleb


You were in the Dungeon.
You worshipped Makhleb.
Makhleb was exalted by your worship.
You visited 1 branch

Inventory:

Hand Weapons
 h - the +∞ Axe of Woe (weapon)
   (You found it in the Dungeon)
Armour
 a - a +0 robe (worn)
Scrolls
 g - a scroll of blinking
Potions
 b - 3 potions of magic
 c - a potion of curing
 d - a potion of heal wounds
 e - a potion of haste
 f - a potion of berserk rage


   Skills:
 O Level 27 Fighting
 + Level 3.4(4.1) Short Blades
 + Level 3.1(3.9) Long Blades
 O Level 27 Axes
 + Level 3.1(18.4) Maces & Flails
 + Level 3.3(18.4) Polearms
 + Level 3.3(4.5) Staves
 + Level 3.2 Ranged Weapons
 + Level 3.3 Throwing
 O Level 27 Armour
 O Level 27 Dodging
 O Level 27 Stealth
 + Level 3.4 Shields
 + Level 3.3 Unarmed Combat
 + Level 4.0 Spellcasting
 + Level 3.9 Conjurations
 + Level 3.9 Hexes
 + Level 3.5 Summonings
 + Level 4.1 Necromancy
 + Level 3.2 Translocations
 + Level 3.3 Transmutations
 O Level 27 Fire Magic
 + Level 3.2 Ice Magic
 + Level 3.3 Air Magic
 + Level 3.1 Earth Magic
 + Level 3.7 Poison Magic
 O Level 27 Invocations
 + Level 3.6 Evocations


You had 26 spell levels left.
You knew the following spells:

 Your Spells              Type           Power      Damage    Failure   Level
a - Foxfire               Conj/Fire      100%       2x1d9     1%          1

Your spell library contained the following spells:

 Spells                   Type           Power      Damage    Failure   Level
 Scorch                   Fire           100%       2d9       0%          2
 Inner Flame              Hex/Fire       60%        N/A       1%          3
 Volatile Blastmotes      Fire/Tloc      100%       2d18      1%          3
 Flame Wave               Conj/Fire      60%        2d14      1%          4


Dungeon Overview and Level Annotations

Branches:
Dungeon (1/1)

Altars:
Makhleb

Annotations:
D The Servant


Innate Abilities, Weirdness & Mutations

You have a pair of large antennae on your head. (SInv)
You are partially covered in slimy green scales. (AC +2)
A powerful demonic guardian rushes to your aid.
You are robust. (+10% HP)
You are mostly covered in sharp spines.


Message History

An eight-headed meat hydra comes into view.
The Servant hits you from afar with a +9 glaive of flaming!!!!
Ouch! That really hurt!
* * * LOW HITPOINT WARNING * * *
The Servant burns you.
* * * LOW HITPOINT WARNING * * *
You hear a shout! x2
You have mastered Armour!
You have mastered Dodging!
You need to enable at least one skill for training.
Your base Short Blades skill gained 3 levels and is now at level 3!
Your Long Blades skill gained 3 levels and is now at level 3!
Your base Maces & Flails skill gained 3 levels and is now at level 3!
Your base Polearms skill gained 3 levels and is now at level 3!
Your base Staves skill gained 3 levels and is now at level 3!
Your Ranged Weapons skill gained 3 levels and is now at level 3!
Your Throwing skill gained 3 levels and is now at level 3!
Your Shields skill gained 3 levels and is now at level 3!
Your Unarmed Combat skill gained 3 levels and is now at level 3!
Your Spellcasting skill gained 2 levels and is now at level 4!
Your Conjurations skill gained 2 levels and is now at level 3!
Your Hexes skill gained 3 levels and is now at level 3!
Your Summonings skill gained 3 levels and is now at level 3!
Your Necromancy skill gained 4 levels and is now at level 4!
Your Translocations skill gained 3 levels and is now at level 3!
Your Transmutations skill gained 3 levels and is now at level 3!
Your Ice Magic skill gained 3 levels and is now at level 3!
Your Air Magic skill gained 3 levels and is now at level 3!
Your Earth Magic skill gained 3 levels and is now at level 3!
Your Poison Magic skill gained 3 levels and is now at level 3!
Your Evocations skill gained 3 levels and is now at level 3!
You have reached level 20!
You feel clever.
Your demonic ancestry asserts itself...
You feel robust.
A bag of meat comes into view. It is wielding a +9 war axe.
You hear a shout!
The large bag of meat is engulfed in blazing flames.
The large bag of meat hits you with a +9 giant spiked club!!
* * * LOW HITPOINT WARNING * * *
The large bag of meat hits you with a +9 giant spiked club!!!!
You die...

o..... .. ..
##.....##D##....
..........o......
..........#.#....
.................
#.......o§.......
.#.....§○§.....o.
....o..§§§§......
.....o§°☼@@.....o
....#°)O.O..#...
.... #☼oo..O.#
...###.))....###.
........###......
#....o..._...V.z
......#.....#....
......#_.<._#....
......#.....#


You could see The Servant, an eight-headed meat hydra, a destroyer, a sculptor
of flesh, 2 large bags of meat, a meat berserker (berserk) and 9 bags of meat.

Vanquished Creatures
  A vampire knight (D)
  5 ogres (D)
  3 two-headed ogres (D)
  31 orcs (D)
40 creatures vanquished.

Notes
Turn   | Place    | Note
-------+----------+-------------------------------------------
     0 | D        | Found the +∞ Axe of Woe
     0 | D        | bmack86 the Demonspawn Fire Elementalist began the quest
                  | for the Orb.
     0 | D        | Reached XP level 1. HP: 13/13 MP: 3/3
     2 | D        | Noticed a bag of meat
     3 | D        | Became a worshipper of Makhleb the Destroyer
     4 | D        | Noticed a bag of meat
     5 | D        | Noticed a bag of meat
     5 | D        | Noticed a bag of meat
     5 | D        | Noticed a meat berserker
     6 | D        | Noticed a bag of meat
     7 | D        | Noticed a bag of meat
     7 | D        | Noticed a bag of meat
     7 | D        | Noticed a bag of meat
     8 | D        | Killed a bag of meat
     8 | D        | Noticed a bag of meat
     8 | D        | Noticed a meat berserker
     9 | D        | Gained mutation: A weak demonic guardian rushes to your
                  | aid. [demonic ancestry]
     9 | D        | Reached XP level 2. HP: 40/40 MP: 3/11
     9 | D        | Gained mutation: A demonic guardian rushes to your aid.
                  | [demonic ancestry]
     9 | D        | Reached XP level 3. HP: 46/46 MP: 3/12
     9 | D        | Gained mutation: You have a pair of small antennae on your
                  | head. [demonic ancestry]
     9 | D        | Reached XP level 4. HP: 53/53 MP: 3/14
     9 | D        | Reached XP level 5. HP: 59/59 MP: 3/15
     9 | D        | Gained mutation: You have a pair of antennae on your head.
                  | [demonic ancestry]
     9 | D        | Reached XP level 6. HP: 66/66 MP: 3/17
     9 | D        | Gained mutation: A powerful demonic guardian rushes to your
                  | aid. [demonic ancestry]
     9 | D        | Reached XP level 7. HP: 72/72 MP: 3/18
     9 | D        | Reached XP level 8. HP: 79/79 MP: 3/20
     9 | D        | Reached XP level 9. HP: 85/85 MP: 3/21
     9 | D        | Gained mutation: You are partially covered in slimy green
                  | scales. (AC +2) [demonic ancestry]
     9 | D        | Reached XP level 10. HP: 92/92 MP: 3/22
     9 | D        | Killed a bag of meat
     9 | D        | Reached * piety under Makhleb
     9 | D        | Killed a meat berserker
     9 | D        | Noticed a bag of meat
     9 | D        | Noticed a bag of meat
    10 | D        | Reached XP level 11. HP: 107/107 MP: 3/26
    10 | D        | Reached XP level 12. HP: 114/114 MP: 3/27
    10 | D        | Reached XP level 13. HP: 121/121 MP: 3/28
    10 | D        | Noticed a large bag of meat
    10 | D        | Noticed a bag of meat
    10 | D        | Noticed a bag of meat
    10 | D        | Noticed a bag of meat
    10 | D        | Noticed a bag of meat
    11 | D        | Killed a bag of meat
    11 | D        | Killed a bag of meat
    11 | D        | Reached ** piety under Makhleb
    11 | D        | Noticed a bag of meat
    11 | D        | Noticed a bag of meat
    11 | D        | Noticed a bag of meat
    12 | D        | Reached skill level 5 in Armour
    12 | D        | Killed a meat berserker
    12 | D        | Noticed a meat berserker
    13 | D        | Reached XP level 14. HP: 133/133 MP: 3/30
    13 | D        | Killed a bag of meat
    14 | D        | Reached skill level 10 in Stealth
    14 | D        | Noticed a bag of meat
    14 | D        | Killed a bag of meat
    14 | D        | Reached *** piety under Makhleb
    14 | D        | Noticed a bag of meat
    14 | D        | Noticed a bag of meat
    14 | D        | Noticed a meat berserker
    15 | D        | Reached skill level 10 in Dodging
    15 | D        | Killed a bag of meat
    15 | D        | Killed a bag of meat
    16 | D        | Gained mutation: You are partially covered in sharp spines.
                  | [demonic ancestry]
    16 | D        | Reached XP level 15. HP: 143/143 MP: 4/32
    17 | D        | Reached **** piety under Makhleb
    17 | D        | Noticed a meat berserker
    18 | D        | Noticed a large bag of meat
    19 | D        | Reached skill level 27 in Invocations
    19 | D        | Killed a large bag of meat
    19 | D        | Reached ***** piety under Makhleb
    19 | D        | Noticed a large bag of meat
    20 | D        | Reached skill level 15 in Stealth
    20 | D        | Reached XP level 16. HP: 112/155 MP: 5/33
    21 | D        | Killed a meat berserker
    21 | D        | Killed a meat berserker
    22 | D        | Reached XP level 17. HP: 149/167 MP: 5/34
    24 | D        | Reached ****** piety under Makhleb
    24 | D        | Noticed a destroyer
    24 | D        | Noticed a large bag of meat
    24 | D        | Noticed a large bag of meat
    25 | D        | Killed a meat berserker
    26 | D        | Reached skill level 27 in Fighting
    26 | D        | Gained mutation: You have a pair of large antennae on your
                  | head. (SInv) [demonic ancestry]
    26 | D        | Reached XP level 18. HP: 182/182 MP: 6/35
    26 | D        | Killed a large bag of meat
    28 | D        | Killed a destroyer
    28 | D        | Noticed a meat berserker
    29 | D        | Reached skill level 27 in Axes
    29 | D        | Reached skill level 27 in Fire Magic
    29 | D        | Gained mutation: You are mostly covered in sharp spines.
                  | [demonic ancestry]
    29 | D        | Reached XP level 19. HP: 177/189 MP: 7/36
    29 | D        | Noticed The Servant
    30 | D        | Reached skill level 27 in Stealth
    30 | D        | Noticed a destroyer
    31 | D        | Killed a large bag of meat
    31 | D        | Noticed an eight-headed meat hydra
    32 | D        | Reached skill level 27 in Armour
    32 | D        | Reached skill level 27 in Dodging
    32 | D        | Gained mutation: You are robust. (+10% HP) [demonic
                  | ancestry]
    32 | D        | Reached XP level 20. HP: 42/216 MP: 7/37
    32 | D        | Annihilated by a large bag of meat

Illustrated notes

Levels and vault maps discovered:
D:        meatsprint

Skill      XL: |  1  2  3  4  5  6  7  8  9 10 11 12 13 14 15 16 17 18 19 |
---------------+----------------------------------------------------------+-----
Fighting       | 13 17 19 20 22 24 27 | 27.0
Axes           | 12 16 17 19 21 22 25 27 | 27.0
Fire Magic     | 12 16 18 19 21 22 25 27 | 27.0
Invocations    | 16 22 24 26 27 | 27.0
Armour         | 8 11 14 17 20 23 27 | 27.0
Dodging        | 8 11 14 17 20 23 27 | 27.0
Stealth        | 9 12 15 18 22 25 27 | 27.0
Short Blades   | 3 |  3.4
Long Blades    | 3 |  3.1
Maces & Flails | 3 |  3.1
Polearms       | 3 |  3.3
Staves         | 3 |  3.3
Ranged Weapons | 3 |  3.2
Throwing       | 3 |  3.3
Shields        | 3 |  3.4
Unarmed Combat | 3 |  3.3
Spellcasting   | 4 |  4.0
Conjurations   | 3 |  3.9
Hexes          | 3 |  3.9
Summonings     | 3 |  3.5
Necromancy     | 4 |  4.1
Translocations | 3 |  3.2
Transmutations | 3 |  3.3
Ice Magic      | 3 |  3.2
Air Magic      | 3 |  3.3
Earth Magic    | 3 |  3.1
Poison Magic   | 3 |  3.7
Evocations     | 3 |  3.6

Action                     |  1- 3 |  4- 6 |  7- 9 | 10-12 | 13-15 | 16-18 | 19-21 || total
---------------------------+-------+-------+-------+-------+-------+-------+-------++-------
  Melee: Executioner's axe |     1 |       |       |     1 |     8 |     6 |     3 ||    19
  Dodge: Dodged            |       |       |       |       |       |     1 |       ||     1
